AoeStats
← Jack=Cat

Arabia

509746248Analyzed
1v1 RM · 5d ago on Sep 27, 2026· 53m 38s· 2 players
Game mode
Random Map
Map size
Tiny (2 player)
Population
200
Speed
Normal
Resources
Standard
Victory
Conquest
Starting age
Dark Age
Ending age
Imperial Age
RankedLock teamsTeams togetherTeam positionsShared explorationLock speedFull tech treeHidden civsTurbo modeCheats
Victory
Defeat
🇲🇽 Varangians · Mexico
1620
+16
🇺🇸 Danes · United States
1625
-16
BP ALEXTaXx
6:26 Loom
8:53 Feudal Age
9:26 Double-Bit Axe
12:48 Horse Collar
16:25 Bloodlines
18:08 Scale Barding Armor
23:50 Castle Age
22:17 Forging
22:13 Stone Mining
24:56 Bow Saw
26:38 Iron Casting
31:04 Husbandry
34:53 Chain Barding Armor
36:30 Gold Mining
40:32 Imperial Age
38:52 Scale Mail Armor
39:55 Squires
39:41 Gambesons
40:41 Chain Mail Armor
40:33 Gothikon
41:10 Fletching
42:07 Wheelbarrow
42:31 Plate Mail Armor
43:50 Plate Barding Armor
44:33 Elite Varangian Guard
45:36 Hand Cart
45:43 Bodkin Arrow
46:03 Elite Jarl
47:36 Bracer
51:00 Blast Furnace
Jack=Cat
6:42 Loom
9:21 Feudal Age
10:15 Double-Bit Axe
19:18 Castle Age
17:56 Scale Mail Armor
17:45 Horse Collar
26:06 Fletching
28:39 Bodkin Arrow
31:18 Husbandry
31:28 Bloodlines
32:57 Padded Archer Armor
33:41 Ballistics
38:51 Imperial Age
36:58 Wheelbarrow
38:44 Heavy Plow
38:56 Bow Saw
39:45 Bracer
40:53 Chemistry
42:38 Hand Cart
42:11 Cranequins
44:04 Masonry
44:00 Siege Engineers
44:33 Town Watch
46:24 Light Cavalry
47:43 Scale Barding Armor
47:49 Forging
50:14 Conscription
50:26 Chain Barding Armor
50:41 Iron Casting
50:35 Onager
Connection lost

Rejoining the realm…

Still unreachable

The connection could not be restored.

Session expired

The server has moved on; the page needs a fresh start.